 Dungeon Crawl Stone Soup version 0.20-a0-1117-g62da73f (webtiles) character file.

98160 Esperanza the Black Belt (level 15, -5/120 HPs)
             Began as a Mummy Monk on May 9, 2017.
             Slain by an entropy weaver (16 damage)
             ... on level 1 of the Spider Nest.
             The game lasted 01:56:36 (61852 turns).

Esperanza the Black Belt (Mummy Monk)              Turns: 61852, Time: 01:56:36

Health: -5/120     AC:  7    Str: 16    XL:     15   Next: 74%
Magic:  15/15      EV: 20    Int:  9    God:
Gold:   1628       SH:  0    Dex: 20    Spells: 14/14 levels left

rFire    x . .     SeeInvis .     - Unarmed
rCold    + . .     Gourm    .   s - +0 shield {Shield of the Dragon}
rNeg     + + +     Faith    .   (no armour)
rPois    ∞         Spirit   .   D - +2 helmet
rElec    .         Reflect  .   v - +2 cloak
rCorr    +         Harm     .   B - +2 pair of gloves
MR       +....                  H - +0 pair of boots
Stlth    +.........             (no amulet)
Regen    0.3/turn               a - +5 ring of protection
MPRegen  0.2/turn               j - ring of resist corrosion

@: confused, corroded
A: no food or potions, fire vulnerability, cold resistance 1, negative energy
resistance 3, torment resistance, unbreathing, in touch with death 1
a: no special abilities


You were on level 1 of the Spider Nest.
You were not hungry.

You visited 6 branches of the dungeon, and saw 27 of its levels.
You also visited: Ice Cave.

You collected 2217 gold pieces.
You spent 589 gold pieces at shops.


Innate Abilities, Weirdness & Mutations

You do not eat or drink.
Your flesh is vulnerable to fire.
You are immune to poison.
Your flesh is cold resistant. (rC+)
You are immune to negative energy. (rN+++)
You are immune to unholy pain and torment.
You can survive without breathing.
You are in touch with the powers of death.


   Skills:
 - Level 12.0 Fighting
 - Level 10.0 Dodging
 - Level 3.4 Stealth
 - Level 11.2 Shields
 + Level 15.9 Unarmed Combat


You had 14 spell levels left.
You didn't know any spells.

Inventory:

Hand Weapons
 o - a +3 rapier of holy wrath
 t - a +4 dagger of chaos
Missiles
 z - 51 large rocks (quivered)
Armour
 p - a +0 helmet
 s - a +0 shield (worn) {Shield of the Dragon}
 v - a +2 cloak (worn)
 B - a +2 pair of gloves (worn)
 D - a +2 helmet (worn)
 H - a +0 pair of boots (worn)
Jewellery
 a - a +5 ring of protection (left hand)
 g - a +3 ring of evasion
 j - a ring of resist corrosion (right hand)
 q - an uncursed ring of protection from cold
 u - an uncursed ring of fire
 w - an uncursed amulet of the gourmand {unknown}
 y - an uncursed ring of see invisible
 F - the ring of Lady Luck {rPois rN+ Str-3 Stlth+}

   [ring of stealth]

   It affects your strength (-3).
   It protects you from poison.
   It protects you from negative energy.
   It makes you more stealthy.
Scrolls
 b - 3 scrolls of recharging
 c - 13 scrolls of remove curse
 d - 6 scrolls of enchant weapon
 e - 8 scrolls of teleportation {@r4}
 f - 3 scrolls of holy word {!r}
 h - 4 scrolls of magic mapping
 i - 3 scrolls of blinking
 k - 2 scrolls of noise {!r}
 l - 5 scrolls of amnesia
 n - 3 scrolls of identify {@r1}
 x - 3 scrolls of random uselessness
 A - 2 scrolls of fog
 C - a scroll of immolation {!r}
 E - 2 scrolls of fear
 G - 2 scrolls of summoning
 I - a scroll of brand weapon
 J - a scroll of silence {!r}
Comestibles
 m - 12 fruits
 r - 9 royal jellies

Dungeon Overview and Level Annotations

Branches:
Dungeon (15/15)            Temple (1/1) D:5            Lair (6/6) D:8
 Shoals (1/4) Lair:4       Spider (2/4) Lair:4        Slime (0/5) Lair:6
    Orc (2/2) D:12            Elf (0/3) Orc:2        Vaults (0/5) D:14
 Depths: D:15

Altars:
Ashenzari
Cheibriados
Dithmenos
Elyvilon
Fedhas
Gozag
Hepliaklqana
Kikubaaqudgha
Makhleb
Nemelex Xobeh
Okawaru
Qazlal
Ru
Sif Muna
Trog
Uskayaw
Vehumet
Wu Jian
Xom
Yredelemnul
Zin
The Shining One
Jiyva

Shops:
D:7 [   D:12 (*   Orc:2 ([(*

Annotations:
D:2 Water
D:6 8 Jaws
D:7 exclusion: upstairs
D:10 exclusion: 2 downstairs
D:11 exclusion: molten gargoyle
D:13 Azrael
D:14 exclusions: upstairs and 1 more exclusion
D:15 exclusion: fire dragon
Lair:1 exclusion: downstairs
Lair:2 8 jaws
Lair:4 Snorg
Lair:5 Water, exclusions: 3 electric eels and 1 more exclusion
Lair:6 2 runed doors, 4 exclusions
Spider:2 exclusion: tarantella, Roxanne
Orc:1 Water
Orc:2 All the shops have been plundered, 4thArraOfDagon's ghost, journeyman HOCj; Erolcha

▒......†.....▒..▒▒
▒▒..▒▒▒......▒▒▒▒ ▒▒▒▒
▒▒......▒ ▒...†...▒ .
▒▒▒▒▒▒.^....▒▒ .
▒▒...▒▒......^▒▒..
▒▒......^..▒▒..^▒..
▒▒▒.......▒▒▒.▒......
▒▒..sMa.▒▒▒.....▒.....
▒....▒▒▒.▒......▒.....
▒^.▒▒....^▒....!▒...▒.
▒..▒......▒......▒..▒
▒▒.a▒.....▒.....▒▒..▒
▒▒▒...▒......▒.▒▒▒.▒^.▒
▒▒.....▒.....▒▒ .▒..
▒▒..▒....▒.▒▒▒.▒ . ..
▒........▒▒. ..▒


You could see an entropy weaver and a tarantella.


Message History

Unknown command!
You barely miss the entropy weaver!
The entropy weaver is severely wounded!
The entropy weaver completely misses you!
You block the entropy weaver's attack!
The entropy weaver hits you!!! * * * don't die
* * * You block the entropy weaver's attack!
You take 15 damage, and have 23/120 hp!
Unknown command!
The entropy weaver mumbles some strange words!
The entropic weave corrodes you!!!
The entropy weaver mumbles some strange words!
The entropic weave corrodes you!!!
The tarantella bites you!!! * * * don't die
* * * You are confused!
You take 7 damage, and have 19/120 hp!
You're too confused to move!!!
The tarantella barely misses you!
Enter note: RIP The tarantella completely misses you!
The tarantella bites you but does no damage!
The tarantella bites you! * * * don't die
* * * The tarantella completely misses you!
You take 6 damage, and have 14/120 hp!
The tarantella closely misses you! The entropy weaver closely misses you!
The entropy weaver hits you! * * * don't die
* * * The entropy weaver hits you!!! rip

Action                   |  1- 3 |  4- 6 |  7- 9 | 10-12 | 13-15 || total
-------------------------+-------+-------+-------+-------+-------++-------
Melee: Unarmed           |   170 |   307 |   592 |  1498 |  2719 ||  5286
       Punch             |     1 |     4 |    30 |     7 |       ||    42
  Use: Scroll            |       |     4 |     7 |     5 |    17 ||    33
 Stab: Sleeping          |     1 |     2 |     9 |     7 |     3 ||    22
       Distracted        |       |       |     1 |     3 |     4 ||     8
       Held in net/web   |       |       |       |       |     2 ||     2
Armor: Skin              |    30 |    40 |    99 |   154 |   379 ||   702
Dodge: Dodged            |   111 |   206 |   400 |   912 |  1607 ||  3236
Block: Shield            |       |       |       |   698 |  1382 ||  2080

Vault maps used:
D:1:      lightli_arrival_farm
D:2:      wad_pebble_path, grunt_qazlal_sundering, first_bread, fountainhead,
          grunt_ministairs_13, minmay_tall_x
D:3:      lemuel_doored_altar, uniq_robin
D:4:      serial_corexii_hall, corexii_hall_statues_i, corexii_hall_statues_u,
          chei_slow_surprise
D:5:      marbit_many_paths, lemuel_temple_firewalk_b
D:6:      st_stairs_13, trog_butcher_becter, uniq_menkaure, uniq_eustachio,
          uniq_duvessa
D:7:      serial_shops, shop
D:8:      minmay_lair_entry_lava, uniq_psyche
D:9:      old_standard_altar, grunt_livestock, tso_metal_star
D:10:     nicolae_sextant
D:11:     cheibrodos_magma_flow
D:12:     zombieorc2_lemuel, serial_shops, shop, shop
D:13:     basic_altar, grunt_ministairs_11
D:14:     erik_vaults_1, kennysheep_doodads, spider_trap, uniq_azrael
D:15:     hangedman_slaughterboxes
Temple:   eino_narrow_crystal_temple
Lair:1:   basic_altar, minivault_11
Lair:2:   grunt_forest_small_clearings, infiniplex_staircase_pool_2,
          grunt_megastairs_4, lemuel_fruit_tree, uniq_harold, uniq_nergalle,
          uniq_erica
Lair:4:   elwin_shoals_entry_rocks, spider_nest_entry_webs, uniq_snorg
Lair:5:   nicolae_quartered_pool_little, disabler_island,
          infiniplex_staircase_pool, lemuel_fruit_fields
Lair:6:   grunt_lair_end_beastmaster, slime_altar_2,
          grunt_forest_small_clearing_treed
Shoals:1: uniq_kirke
Spider:1: nicolae_spider_webs_and_nodes
Spider:2: portal_ice_cave_entry_pillars_1, uniq_roxanne
Orc:1:    trog_hazing_becter, uniq_fannar
Orc:2:    st_orc_open, uniq_erolcha
IceCv:    ice_cave_statue_garden_chambered

Notes
Turn   | Place    | Note
-------+----------+-------------------------------------------
     0 | D:1      | Esperanza the Mummy Monk began the quest for the Orb.
     0 | D:1      | Reached XP level 1. HP: 18/18 MP: 1/1
   424 | D:1      | I'm having so much luck with these trunkmumos
   441 | D:1      | Reached XP level 2. HP: 15/24 MP: 2/2
   462 | D:1      | Reached skill level 3 in Unarmed Combat
   800 | D:1      | wow
   997 | D:2      | Found a stormy altar of Qazlal.
  1530 | D:2      | Reached XP level 3. HP: 23/29 MP: 3/3
  1763 | D:2      | Reached skill level 4 in Unarmed Combat
  1898 | D:2      | Reached XP level 4. HP: 35/35 MP: 4/4
  2485 | D:3      | Found a deep blue altar of Sif Muna.
  3069 | D:3      | Reached XP level 5. HP: 31/41 MP: 5/5
  3176 | D:3      | Noticed Robin
  3260 | D:2      | Killed Robin
  3504 | D:4      | Noticed an ogre
  3542 | D:3      | Killed an ogre
  3542 | D:3      | Reached skill level 5 in Unarmed Combat
  3672 | D:4      | Reached XP level 6. HP: 40/47 MP: 6/6
  3756 | D:4      | Reached skill level 4 in Fighting
  4343 | D:4      | Found a snail-covered altar of Cheibriados.
  4520 | D:4      | Reached skill level 5 in Fighting
  4656 | D:5      | Entered Level 5 of the Dungeon
  4897 | D:5      | Reached skill level 3 in Dodging
  4897 | D:5      | Reached XP level 7. HP: 33/56 MP: 7/7
  5594 | D:5      | Reached skill level 6 in Unarmed Combat
  5676 | D:5      | Found a shattered altar of Ashenzari.
  5746 | D:5      | Found a staircase to the Ecumenical Temple.
  5798 | Temple   | Entered the Ecumenical Temple
  6411 | D:6      | Noticed Eustachio
  6580 | D:6      | Reached skill level 6 in Fighting
  6665 | D:6      | Noticed Duvessa
  6665 | D:6      | Noticed Dowan
  6982 | D:6      | Noticed Menkaure
  6990 | D:6      | Killed Menkaure
  6990 | D:6      | Reached XP level 8. HP: 43/64 MP: 8/8
  7197 | D:5      | Reached skill level 7 in Unarmed Combat
  8489 | D:6      | Reached skill level 8 in Unarmed Combat
  8701 | D:6      | Reached skill level 7 in Fighting
  8893 | D:6      | Found a bloodstained altar of Trog.
  9324 | D:2      | Reached XP level 9. HP: 38/72 MP: 9/9
  9563 | D:5      | Reached skill level 4 in Dodging
  9852 | D:6      | Killed Duvessa
 10007 | D:6      | Killed Dowan
 10728 | D:5      | Killed Eustachio
 10728 | D:5      | Reached skill level 8 in Fighting
 12112 | D:7      | Found Essuqeih's Antique Armour Shoppe.
 12260 | D:6      | Reached skill level 9 in Fighting
 13219 | D:8      | Noticed AnCiEnTStOnEBeAsT's ghost (novice HOFi)
 14085 | D:8      | Noticed Psyche
 14095 | D:8      | Killed Psyche
 14095 | D:8      | Reached skill level 9 in Unarmed Combat
 14363 | D:7      | Reached XP level 10. HP: 71/83 MP: 10/10
 14632 | D:8      | Found a staircase to the Lair.
 15104 | D:8      | Reached skill level 10 in Unarmed Combat
 15468 | D:6      | Reached skill level 1 in Shields
 16047 | D:7      | Reached skill level 2 in Shields
 16320 | D:8      | Noticed a two-headed ogre
 16888 | D:8      | Killed a two-headed ogre
 16888 | D:8      | Reached skill level 4 in Shields
 17475 | D:9      | Noticed a two-headed ogre
 18029 | D:9      | Reached skill level 5 in Shields
 18482 | D:9      | Noticed a two-headed ogre
 18507 | D:9      | Found a glowing golden altar of the Shining One.
 18642 | D:9      | Reached skill level 6 in Shields
 18866 | D:9      | Noticed a two-headed ogre
 18896 | D:9      | Killed a two-headed ogre
 18896 | D:9      | Reached XP level 11. HP: 57/89 MP: 11/11
 19152 | D:9      | Found a glowing golden altar of the Shining One.
 19228 | D:9      | Reached skill level 5 in Dodging
 19742 | D:9      | Killed a two-headed ogre
 20378 | D:10     | Entered Level 10 of the Dungeon
 20405 | D:10     | Reached skill level 6 in Dodging
 20611 | D:9      | Killed a two-headed ogre
 21004 | D:9      | Reached skill level 7 in Dodging
 21970 | D:8      | Reached skill level 7 in Shields
 22039 | Lair:1   | Entered Level 1 of the Lair of Beasts
 22418 | Lair:1   | Reached skill level 2 in Stealth
 22730 | Lair:1   | Reached skill level 3 in Stealth
 23154 | Lair:1   | Found a shadowy altar of Dithmenos.
 23963 | D:8      | Reached skill level 8 in Shields
 24271 | Lair:2   | Noticed Nergalle
 24307 | Lair:1   | Killed Nergalle
 24307 | Lair:1   | Reached XP level 12. HP: 82/95 MP: 12/12
 24403 | Lair:2   | Noticed a six-headed hydra
 24507 | Lair:2   | Noticed Harold
 24966 | Lair:2   | Noticed Erica
 25146 | D:9      | Found a glowing golden altar of the Shining One.
 25651 | D:9      | Reached skill level 9 in Shields
 25926 | D:9      | Found a glowing golden altar of the Shining One.
 26528 | D:9      | Found a glowing golden altar of the Shining One.
 26837 | D:9      | Found a glowing golden altar of the Shining One.
 27595 | D:10     | Noticed a two-headed ogre
 27839 | D:10     | Reached skill level 11 in Unarmed Combat
 28026 | D:10     | Killed a two-headed ogre
 28130 | D:11     | Reached skill level 8 in Dodging
 32869 | Lair:4   | Found a hole to the Spider Nest.
 32895 | Lair:3   | HP: 9/95 [redback (4)]
 33408 | Lair:4   | Noticed Snorg
 33438 | Lair:4   | Reached skill level 12 in Unarmed Combat
 33438 | Lair:4   | Gained mutation: You are in touch with the powers of death. [Mummy growth]
 33438 | Lair:4   | Reached XP level 13. HP: 78/101 MP: 13/13
 33631 | D:8      | Found a staircase to the Lair.
 33864 | D:8      | Killed AnCiEnTStOnEBeAsT's ghost
 35914 | D:11     | Reached skill level 10 in Fighting
 37664 | D:12     | Reached skill level 11 in Fighting
 37772 | D:12     | Found a staircase to the Orcish Mines.
 37927 | D:12     | Found Duipy's General Store.
 37937 | D:12     | Bought a scroll of magic mapping for 52 gold pieces
 37937 | D:12     | Bought a scroll of identify for 30 gold pieces
 37937 | D:12     | Bought a scroll of fear for 52 gold pieces
 38132 | D:12     | Found Guopteha's Weapon Shop.
 38305 | Orc:1    | Entered Level 1 of the Orcish Mines
 38486 | Orc:1    | Noticed Fannar
 38514 | Orc:1    | Killed Fannar
 38536 | Orc:1    | Found a bloodstained altar of Trog.
 38631 | Orc:2    | Entered Level 2 of the Orcish Mines
 38631 | Orc:2    | Noticed 4thArraOfDagon's ghost (journeyman HOCj)
 40677 | Orc:1    | Reached skill level 12 in Fighting
 40712 | Orc:2    | Found a staircase to the Elven Halls.
 41453 | Orc:2    | Reached skill level 9 in Dodging
 42803 | Orc:2    | Reached skill level 10 in Dodging
 43452 | Orc:1    | Reached XP level 14. HP: 81/115 MP: 14/14
 44329 | Orc:2    | Found Couxt's Assorted Antiques.
 44329 | Orc:2    | Found Ubodon's Antique Armour Boutique.
 44329 | Orc:2    | Found Wita's Weapon Emporium.
 44335 | Orc:2    | Noticed Erolcha
 44338 | Orc:2    | Bought a scroll of enchant armour for 195 gold pieces
 44338 | Orc:2    | Bought a scroll of magic mapping for 91 gold pieces
 44338 | Orc:2    | Bought a scroll of remove curse for 78 gold pieces
 44338 | Orc:2    | Bought a scroll of fear for 91 gold pieces
 44341 | Orc:2    | Found Enulic's Weapon Boutique.
 45480 | D:6      | Reached skill level 13 in Unarmed Combat
 46144 | Lair:2   | Killed Harold
 46711 | Lair:2   | Killed Erica
 46858 | Lair:4   | Found a staircase to the Shoals.
 47433 | Lair:4   | Got a faintly glowing marble ring
 47434 | Lair:4   | Identified the ring of Lady Luck {rPois rN+ Str-3 Stlth+} (You found it on level 4 of the Lair of Beasts)
 49061 | Lair:6   | Entered Level 6 of the Lair of Beasts
 49726 | Lair:6   | Reached skill level 14 in Unarmed Combat
 50327 | Lair:6   | Found a runed door.
 50330 | Lair:6   | Found a viscous altar of Jiyva.
 50330 | Lair:6   | Found a staircase to the Slime Pits.
 50330 | Lair:6   | Noticed an acid blob
 50761 | Lair:6   | Reached skill level 10 in Shields
 52092 | Lair:6   | Found a runed door.
 52142 | Lair:6   | Found a viscous altar of Jiyva.
 53078 | Lair:6   | Found a staircase to the Slime Pits.
 53788 | D:13     | Found a shadowy altar of Dithmenos.
 54256 | D:13     | Reached skill level 11 in Shields
 54938 | D:12     | Reached XP level 15. HP: 59/120 MP: 15/15
 56560 | D:14     | Noticed Azrael
 56629 | D:15     | Entered Level 15 of the Dungeon
 56634 | D:15     | HP: 12/120 [yaktaur captain/bolt (22)]
 57008 | D:15     | I've seen footage
 57316 | D:14     | Found a gate to the Vaults.
 58055 | D:14     | Reached skill level 15 in Unarmed Combat
 58510 | D:15     | Found a snail-covered altar of Cheibriados.
 58926 | Shoals:1 | Entered Level 1 of the Shoals
 59284 | Spider:1 | Entered Level 1 of the Spider Nest
 59342 | Spider:2 | Noticed Roxanne
 59378 | Spider:2 | Found a frozen archway.
 59387 | IceCv    | Entered an ice cave
 60027 | IceCv    | HP: 8/120 [white very ugly thing (17)]
 61849 | Spider:1 | RIP
 61852 | Spider:1 | HP: 11/120 [entropy weaver (4)]
 61852 | Spider:1 | Slain by an entropy weaver

Vanquished Creatures
  An ogre mage (Orc:2)
  Fannar (Orc:1)
  Harold (Lair:2)
  5 hydras
  Erica (Lair:2)
  4 centaur warriors
  A catoblepas (Lair:6)
  3 dancing weapons
  15 two-headed ogres
  A deep troll shaman (Lair:6)
  3 death yaks
  Nergalle (Lair:1)
  The ghost of AnCiEnTStOnEBeAsT the Cleaver, a novice HOFi of Beogh (D:8)
  5 skeletal warriors
  2 unseen horrors
  2 deep trolls
  2 wolf spiders
  A deep elf mage (D:13)
  2 orb spiders
  An orc sorcerer (Orc:2)
  An orc knight (Orc:1)
  6 ugly things
  11 cyclopes
  4 elephants (Lair:6)
  2 manticores
  4 black mambas
  Psyche (D:8)
  A merfolk siren (Shoals:1)
  2 gargoyles
  2 rime drakes
  3 komodo dragons
  13 spiny frogs
  A kobold demonologist (D:14)
  An anaconda simulacrum (IceCv)
  2 demonic crawlers
  13 trolls
  5 jumping spiders
  A meliai (shapeshifter) (D:15)
  3 polar bears
  9 slime creatures
  A hornet (D:13)
  8 hippogriffs
  9 blink frogs
  5 dream sheep (Lair:6)
  19 redbacks
  A shadow (D:12)
  3 tarantellas
  A vampire (D:11)
  4 wraiths
  3 wyverns
  A human (D:9)
  51 yaks
  Eustachio (D:5)
  2 basilisks
  A steam dragon (D:12)
  2 fire elementals
  4 hogs (D:9)
  3 hungry ghosts
  An iron troll simulacrum (IceCv)
  A vampire mosquito (D:15)
  3 wargs
  Menkaure (D:6)
  3 soldier ants
  A hydra simulacrum (IceCv)
  6 hell hounds
  11 porcupines
  13 water moccasins
  An acid dragon (D:11)
  Duvessa (D:6)
  4 sky beasts
  25 orc warriors
  13 ice beasts
  6 black bears
  7 phantoms
  A sky beast (shapeshifter) (D:15)
  14 wolves
  3 necrophages
  26 ogres
  19 centaurs
  12 crocodiles
  10 big kobolds
  12 bullfrogs
  A wyvern zombie (D:14)
  Dowan (D:6)
  2 troll zombies (D:12)
  32 killer bees
  6 scorpions
  10 wights
  An electric eel (Lair:5)
  10 howler monkeys
  9 crimson imps
  3 lava snakes
  A quasit (D:13)
  3 bullfrog zombies
  6 centaur zombies
  5 jellies
  15 orc priests
  7 hounds
  4 bullfrog skeletons
  6 centaur skeletons
  6 iguanas
  18 orc wizards
  11 worker ants
  6 ogre zombies (D:12)
  A hound zombie (D:8)
  2 hound skeletons (D:8)
  A mummy (D:4)
  3 howler monkey zombies
  Robin (D:2)
  2 worker ant zombies
  18 adders
  A shadow imp (D:7)
  3 oozes
  2 adder zombies (D:6)
  3 adder skeletons
  3 worms
  A dart slug (D:2)
  A leopard gecko (D:1)
  71 orcs
  10 giant cockroaches
  14 goblins
  17 hobgoblins
  10 jackals
  41 kobolds
  7 quokkas
  4 ball pythons
  7 bats
  10 frilled lizards
  3 goblin skeletons (D:12)
  A goblin zombie (D:12)
  A hobgoblin skeleton (D:12)
  4 hobgoblin zombies (D:12)
  A jackal skeleton (D:2)
  A leopard gecko skeleton (D:5)
  2 leopard gecko zombies
  3 orc skeletons (D:12)
  13 orc zombies (D:12)
  2 rats
878 creatures vanquished.

Vanquished Creatures (others)
  A deep elf mage (D:13)
  A sky beast (D:5)
  An ogre (D:5)
  An orc (D:5)
  A giant cockroach (D:5)
  2 bushes (Lair:6)
  16 fungi
  4 plants
27 creatures vanquished.

Grand Total: 905 creatures vanquished
